 Dungeon Crawl Stone Soup version 0.18.1-48-g4cf74bf (webtiles) character file.

253 mopl the Skirmisher (level 6, -2/35 HPs)
             Began as a Vine Stalker Wanderer on Aug 29, 2016.
             Slain by a gnoll sergeant
             ... wielding a +0 trident
              (5 damage)
             ... on level 3 of the Dungeon.
             The game lasted 00:04:24 (2724 turns).

mopl the Skirmisher (Vine Stalker Wanderer)         Turns: 2724, Time: 00:04:25

Health: -2/35      AC:  5    Str: 15    XL:     6   Next: 14%
Magic:  0/7        EV: 14    Int: 11    God:
Gold:   245        SH:  0    Dex: 16    Spells: 0 memorised, 5 levels left

rFire  . . .     SeeInvis .     a - +0 long sword
rCold  . . .     Gourm    .     c - +0 robe
rNeg   . . .     Faith    .     (no shield)
rPois  .         Spirit   +     n - +2 helmet
rElec  .         Dismiss  .     (no cloak)
rCorr  .         Reflect  .     (no gloves)
SustAt .         Harm     .     (no boots)
MR     .....                    (no amulet)
Stlth  ++........               (no ring)
                                h - +3 ring of evasion

@: not resistant to hostile enchantments, unstealthy
A: fangs 2, regeneration 2, magic shield, antimagic bite, no device heal 3, rot
immunity
a: no special abilities


You were on level 3 of the Dungeon.
You were not hungry.

You visited 1 branch of the dungeon, and saw 3 of its levels.

You collected 245 gold pieces.

Inventory:

Hand Weapons
 a - a +0 long sword (weapon)
 b - a +2 short sword
 v - a +0 blowgun
Missiles
 i - 3 tomahawks (quivered)
 p - 16 poisoned needles
Armour
 c - a +0 robe (worn)
 n - a +2 helmet (worn)
Jewellery
 h - a +3 ring of evasion (left hand)
Scrolls
 g - 2 scrolls of identify
 k - a scroll of immolation {unknown}
 q - a scroll of enchant weapon {unknown}
 r - 2 scrolls of remove curse
 w - a scroll of random uselessness {unknown}
Potions
 e - 2 potions of flight
 j - 2 potions of haste
 s - 2 potions of curing
 u - a potion of cancellation
Comestibles
 d - 6 bread rations
 l - 3 royal jellies
 m - a meat ration
 o - 4 fruits


   Skills:
 + Level 5.2 Fighting
 - Level 3.0(3.1) Short Blades
 + Level 1.0(2.1) Long Blades
 + Level 2.5 Throwing
 - Level 1.0 Armour
 + Level 3.3 Stealth
   Level 1.7 Shields


You had 5 spell levels left.
You didn't know any spells.

Dungeon Overview and Level Annotations

Branches:
Dungeon (3/15)

Altars:
Zin

Annotations:
D:3 exclusion: door


Innate Abilities, Weirdness & Mutations

You have extremely sharp teeth.
You heal very quickly.
When hurt, damage is shared between your health and your magic reserves.
Your bite disrupts and absorbs the magic of your enemies.
Potions and wands cannot restore your health.
You are immune to rotting.


Message History

The gnoll sergeant barely misses you.
The gnoll sergeant hits you from afar with a trident!
* * * LOW HITPOINT WARNING * * *
The gnoll sergeant hits you from afar with a trident.
* * * LOW HITPOINT WARNING * * *
The gnoll is no longer moving quickly.
The gnoll sergeant completely misses you.
Read which item? (? for menu, Esc to quit)
As you read the scroll labeled YMIPOY LY WEI, it crumbles to dust.
You hear a loud clanging noise!
It was a scroll of noise.
You hear a shout! x13
The gnoll sergeant misses you.
Read which item? (? for menu, Esc to quit)
As you read the scroll labeled QUMUXE REONT, it crumbles to dust.
You feel blessed for a moment.
It was a scroll of remove curse.
The gnoll sergeant hits you from afar with a trident.
* * * LOW HITPOINT WARNING * * *
The gnoll sergeant hits you from afar with a trident.
You die... ++##### #.≈≈≈. ....... #.≈≈≈. .g.g.g. #.≈≈≈. ## ggg.g..

#.≈≈≈. .# ...g. #.≈≈≈.
.#########g'# #.≈≈≈.
gg.g.g...'.g+ #+###≈≈.
##########################...#≈≈.
....g.....g.g.g.@........#.g.#≈≈.
≈≈≈≈≈≈≈≈≈≈≈≈≈≈g≈≈≈≈≈≈≈≈≈≈#####≈≈.
≈≈≈≈≈≈≈≈≈≈≈≈≈≈≈≈≈≈≈≈≈≈≈≈≈≈≈≈≈≈≈≈.
≈≈≈≈≈≈≈≈≈≈≈≈≈≈≈≈≈≈≈≈≈≈≈≈≈≈≈≈≈≈≈≈.
....P...............†P...........
..P.................†........P...
#################################


You could see a gnoll sergeant, a gnoll shaman and 2 gnolls.

Vanquished Creatures
  The ghost of mopl the Skirmisher, an amateur VSWn of Pakellas (D:3)
  2 adders (D:2)
  2 gnolls (D:3)
  2 oozes
  2 worms
  3 dart slugs
  3 giant geckos
  2 orcs (D:3)
  A giant cockroach (D:3)
  11 goblins
  7 hobgoblins
  18 jackals (D:3)
  6 kobolds
  A quokka (D:2)
  2 ball pythons (D:3)
  6 bats
  2 giant newts
  9 rats
80 creatures vanquished.

Notes
Turn   | Place    | Note
--------------------------------------------------------------
     0 | D:1      | mopl the Vine Stalker Wanderer began the quest for the Orb.
     0 | D:1      | mopl set off with: a +2 short sword, 2 potions of curing, a +0 robe, a bread ration
     0 | D:1      | Reached XP level 1. HP: 14/14 MP: 2/2
   170 | D:1      | Reached skill level 2 in Short Blades
   170 | D:1      | Reached XP level 2. HP: 18/18 MP: 3/3
   183 | D:1      | Reached skill level 1 in Throwing
   222 | D:1      | Reached skill level 1 in Stealth
  1088 | D:2      | Reached XP level 3. HP: 21/21 MP: 4/4
  1248 | D:2      | Reached skill level 2 in Stealth
  1532 | D:2      | Reached XP level 4. HP: 25/26 MP: 5/5
  1964 | D:3      | Noticed mopl's ghost (amateur VSWn)
  1975 | D:3      | Killed mopl's ghost
  1975 | D:3      | Reached skill level 5 in Fighting
  1975 | D:3      | Reached skill level 2 in Throwing
  1975 | D:3      | Reached skill level 3 in Stealth
  1975 | D:3      | Reached XP level 5. HP: 4/30 MP: 6/6
  2179 | D:3      | Reached skill level 3 in Short Blades
  2208 | D:3      | Found a glowing silver altar of Zin.
  2457 | D:3      | Gained mutation: You heal very quickly. [Vine Stalker growth]
  2457 | D:3      | Reached XP level 6. HP: 15/35 MP: 4/7
  2637 | D:3      | Reached skill level 1 in Long Blades
  2724 | D:3      | Slain by a gnoll sergeant

Skill      XL: |  1  2  3  4  5  6 |
---------------+-------------------+-----
Short Blades   | 2 3 |  3.0
Throwing       | 1 2 |  2.5
Stealth        | 1 2 3 |  3.3
Fighting       | 5 |  5.2
Long Blades    | 1 |  1.0
Armour         | |  1.0
Shields        | |  1.7

Action                   |  1- 3 |  4- 6 || total
-------------------------+-------+-------++-------
Melee: Short sword       |    82 |    45 ||   127
       Bite              |    20 |    36 ||    56
       Long sword        |       |    82 ||    82
  Use: Scroll            |       |     5 ||     5
 Stab: Sleeping          |     2 |     6 ||     8
  Eat: Chunk             |     2 |     4 ||     6
Armor: Robe              |    17 |    35 ||    52
Dodge: Dodged            |    51 |   115 ||   166
